 Dungeon Crawl Stone Soup version 0.29.1-12-g30fa7ad0bf (webtiles) character file.

Game seed: 13502231704238564834

37 wormed the Trooper (level 3, 0/31 HPs)
             Began as a Draconian Fighter on Dec 21, 2022.
             Slain by Crazy Yiuf
             ... wielding a +2 quarterstaff of chaos
              (5 damage)
             ... on level 2 of the Dungeon.
             The game lasted 00:01:38 (1775 turns).

wormed the Trooper (Draconian Fighter)              Turns: 1775, Time: 00:01:43

Health: 0/31       AC:  6    Str: 20    XL:     3   Next: 21%
Magic:  3/3        EV: 12    Int:  8    God:
Gold:   98         SH:  4    Dex: 10    Spells: 2/2 levels left

rFire   . . .      SeeInvis .   a - +0 flail
rCold   . . .      Faith    .   b - +0 buckler
rNeg    . . .      Spirit   .   (body armour unavailable)
rPois   .          Reflect  .   (helmet restricted)
rElec   .          Harm     .   (no cloak)
rCorr   .          Rampage  .   (no gloves)
Will    .....                   m - +0 pair of boots
Stlth   +.........              (no amulet)
HPRegen 0.10/turn               (no ring)
MPRegen 0.08/turn               (no ring)

@: lethally poisoned (0 -> -7), slowed, very slow
A: AC +5, unfitting armour, cold-blooded
a: no special abilities


You were on level 2 of the Dungeon.
You visited 1 branch of the dungeon, and saw 2 of its levels.

You collected 98 gold pieces.

Inventory:

Hand Weapons
 a - a +0 flail (weapon)
Missiles
 e - a throwing net (quivered)
Armour
 b - a +0 buckler (worn)
 m - a +0 pair of boots (worn)
Scrolls
 d - a scroll of torment {unknown}
 h - 3 scrolls of identify {unknown}
 k - 2 scrolls of enchant weapon {unknown}
 n - a scroll of amnesia {unknown}
 o - a scroll of blinking {unknown}
 p - a scroll of immolation {unknown}
Potions
 c - 3 potions of might
 f - a potion of berserk rage {unknown}
 g - a potion of brilliance {unknown}
 i - 2 potions of heal wounds {unknown}
 j - 3 potions of mutation {unknown}
 l - 2 potions of curing {unknown}
 q - a potion of flight {unknown}


   Skills:
 + Level 3.6 Fighting
 * Level 2.7 Maces & Flails
 + Level 3.0 Dodging
 + Level 3.2 Shields


You had 2 spell levels left.
You didn't know any spells.
Your spell library was empty.

Dungeon Overview and Level Annotations

Branches:
Dungeon (2/15)

Altars:
Gozag

Annotations:
D:2 Crazy Yiuf


Innate Abilities, Weirdness & Mutations

Your plain brown scales are hard. (AC +5)
You cannot fit into any form of body armour.
You are cold-blooded and may be slowed by cold attacks.


Message History

You kill the bat!
The kobold completely misses you.
You sock the kobold!
You kill the kobold!
No target in view!
No target in view!
No target in view!
No target in view!
No target in view!
No target in view!
No target in view!
No target in view!
j - 3 puce potions (gained 1)
You see here a +0 whip.
Found a leather armour.
You now have 98 gold pieces (gained 8).
You see here a +0 leather armour.
You see here a +0 leather armour.
There is an open door here.
You open the door.
There is an open door here.
There is an open door here.
There is a stone staircase leading up here.
There is an open door here.
Crazy Yiuf says, "Goldfish green shrimp!"
You open the door. You sock Crazy Yiuf!
Crazy Yiuf is heavily wounded.
Crazy Yiuf hits you with a +2 quarterstaff of chaos!
You are poisoned.
Crazy Yiuf hits you with a +2 quarterstaff of chaos.
You feel yourself slow down. Crazy Yiuf freezes you.
You closely miss Crazy Yiuf.
Crazy Yiuf is heavily wounded.
* * * LOW HITPOINT WARNING * * *
You feel very sick.
Crazy Yiuf cries, "You leg down broken song, no?"
Crazy Yiuf barely misses you.
Crazy Yiuf hits you with a +2 quarterstaff of chaos.
You die...

.....##.#.#
#....######
..........#
#....#
.....##.###
#....# .....##.#
###..# .....##.#
#.## .....##.#
#.## .....##.#
### ####..#
.....##.# #)..###
##..+..#
...####.#
#...g@####......#
##......#
#...##..#..P....#
#.####.# ###
###.#...+..# #.#
#)# ##########
#.# #.# #.####.#
#......# ######.#
#.#


You could see Crazy Yiuf.

Vanquished Creatures
  2 dart slugs
  3 bats
  3 giant cockroaches
  4 hobgoblins
  2 kobolds
  2 quokkas
  6 ball pythons
  3 frilled lizards
  2 goblins (D:2)
  4 rats
31 creatures vanquished.

Vanquished Creatures (others)
  A fungus (D:2)
1 creature vanquished.

Grand Total: 32 creatures vanquished

Notes
Turn   | Place    | Note
-------+----------+-------------------------------------------
     0 | D:1      | wormed the Draconian Fighter began the quest for the Orb.
     0 | D:1      | Reached XP level 1. HP: 19/19 MP: 1/1
   169 | D:1      | Reached XP level 2. HP: 19/26 MP: 2/2
  1176 | D:2      | Found a runed translucent door.
  1177 | D:2      | Noticed Crazy Yiuf
  1208 | D:2      | Found an opulent altar of Gozag.
  1212 | D:2      | Reached XP level 3. HP: 27/31 MP: 3/3
  1334 | D:2      | Found a faded altar of an unknown god.
  1775 | D:2      | Slain by Crazy Yiuf

Illustrated notes

Levels and vault maps discovered:
D:1:      matt_arrival_refuge, layout_loops_ring, minmay_tetromino_t2
D:2:      layout_basic, basic_altar, shapermc_ecumenical_altar_venn,
          minmay_cut_off, uniq_crazy_yiuf_cottage

Skill      XL: |  1  2 |
---------------+-------+-----
Dodging        | 3 |  3.0
Fighting       | |  3.6
Maces & Flails | |  2.7
Shields        | |  3.2

Action                   || total
-------------------------++-------
Melee: Flail             ||    68
       Tailslap          ||     4
 Stab: Sleeping          ||     1
Armor: Skin              ||    19
Dodge: Dodged            ||    42
Block: Buckler           ||    12
